Map: New Gettysburg LE

Players

iaguz

  • Race: Terran Terran

Scarlett - Winner!

  • Race: Zerg Zerg

Event: WCS Copa Intercontinental

VOD

Have the link to the VOD?

Description

Time

  • Played on: Sept. 10, 2016, 2:57 p.m.
  • Length: 11:30

All games in this series

Show
View Real Time Build Order
Export as new Build Order

iaguz Terran 

Build Orders: Command Center First (CC), Liberator Opening, MMM Bio 

Get SALT Encoding   

  12  0:00  SCV  
  13  0:13  SCV  
  14  0:18  Supply Depot  
  14  0:25  SCV  
  15  0:40  SCV  
  16  0:52  SCV  
  17  1:00  Command Center  
  17  1:04  SCV  
  18  1:14  Barracks  
  18  1:17  SCV  
  19  1:23  Refinery  
  19  1:29  SCV  
  19  1:31  Refinery  
  20  1:42  SCV  
  21  1:54  SCV  
  22  2:01  Marine  
  22  2:06  Orbital Command  
  23  2:11  Factory  
  23  2:16  Orbital Command  
  23  2:19  Barracks Reactor  
  23  2:27  Bunker  
  23  2:32  SCV  
  24  2:41  SCV  
  25  2:44  SCV  
  26  2:53  SCV  
  26  2:56  Starport, SCV  
  28  3:01  Hellion x2  
  32  3:05  Supply Depot  
  32  3:07  Reaper  
  32  3:09  SCV  
  32  3:12  SCV  
  35  3:23  SCV, Hellion  
  38  3:27  SCV, Hellion  
  38  3:33  Medivac  
  43  3:37  Armory  
  43  3:42  Supply Depot  
  43  3:43  Reaper  
  43  3:44  Supply Depot  
  44  3:49  SCV  
  44  3:51  Liberator  
  45  3:56  SCV  
  46  4:04  Hellion x2  
  46  4:09  SCV x2  
  55  4:12  Supply Depot  
  55  4:14  Supply Depot  
  55  4:18  Barracks Tech Lab  
  55  4:21  SCV x2  
  57  4:29  Command Center  
  57  4:34  SCV  
  57  4:35  SCV  
  59  4:39  Marine  
  60  4:46  SCV  
  60  4:48  SCV  
  54  4:55  Starport Reactor, Stimpack  
  54  4:58  SCV  
  51  5:00  Marine  
  51  5:01  SCV  
  51  5:04  Factory Tech Lab  
  51  5:05  Bunker  
  53  5:10  Engineering Bay  
  53  5:11  Engineering Bay  
  53  5:13  SCV x2  
  55  5:16  Barracks  
  55  5:17  Barracks  
  55  5:24  Barracks  
  55  5:25  SCV  
  55  5:26  SCV  
  57  5:31  Marine, Refinery  
  57  5:32  Siege Tank, Refinery  
  61  5:37  SCV  
  61  5:39  SCV  
  61  5:40  Terran Infantry Weapons Level 1, Terran Infantry Armor Level 1  
  63  5:45  Orbital Command  
  63  5:54  Barracks  
  63  5:57  Marine  
  63  5:58  Barracks  
  63  6:00  SCV x2  
  66  6:04  Marine x2  
  66  6:06  Barracks Reactor  
  66  6:08  Siege Tank  
  66  6:11  Barracks Reactor  
  71  6:14  SCV  
  71  6:15  SCV  
  71  6:17  Orbital Command  
  73  6:20  Barracks  
  73  6:21  Barracks, Marauder  
  75  6:25  Marine  
  75  6:26  Marine  
  75  6:27  SCV  
  75  6:28  SCV  
  79  6:39  SCV  
  80  6:40  SCV  
  80  6:42  Marine x2  
  80  6:43  Marine, Marauder  
  80  6:44  Barracks Reactor  
  80  6:45  Barracks Tech Lab  
  86  6:47  Siege Tank  
  86  6:53  SCV x2  
  91  6:56  Marine  
  91  6:57  Marine  
  93  7:07  Supply Depot  
  93  7:08  Barracks Tech Lab, Supply Depot x2  
  93  7:10  Barracks Reactor  
  93  7:11  Supply Depot  
  93  7:23  Supply Depot  
  93  7:29  Medivac x2, Marine x8  
  114  7:30  Marauder x3  
  114  7:33  Combat Shields  
  114  7:38  Supply Depot  
  114  7:39  Supply Depot  
  114  7:41  Supply Depot  
  113  7:46  Marine x4  
  113  7:48  Terran Infantry Weapons Level 2  
  118  7:51  Marauder x2  
  118  7:53  Supply Depot  
  118  7:54  Terran Infantry Armor Level 2  
  118  7:55  Marine x7  
  125  8:04  Marine x4  
  129  8:12  Marine, Marauder  
  132  8:13  Supply Depot, Marine x3  
  132  8:14  Marauder  
  131  8:20  Marine x2  
  131  8:24  Marine x3  
  131  8:25  Marine x2  
  131  8:26  Siege Tank  
  128  8:30  Marine  
  123  8:36  Marine x2, Marauder  
  120  8:44  Marine x3  
  120  8:45  Medivac x2, Marine  
  120  8:46  Marine x3  
  120  8:47  Marauder x2  
  134  8:48  Marine  
  134  8:54  Marine x2  
  134  8:58  Marauder  
  134  9:02  Marine x4  
  130  9:05  Marine  
  130  9:08  Marauder x2  
  130  9:09  Marine x2  
  129  9:11  Siege Tank  
  129  9:15  Marine  
  129  9:16  Marine  
  120  9:19  Marauder  
  120  9:21  Marine x4  
  120  9:22  Medivac, Marine  
  122  9:27  Medivac  
  122  9:28  Marine x2  
  122  9:29  Marauder  
  122  9:30  Marauder  
  130  9:38  Marine x3  
  133  9:39  Marine x2  
  133  9:40  Marauder  
  133  9:41  Concussive Shells  
  133  9:42  Marine  
  133  9:43  Marine  
  133  9:45  Siege Tank  
  142  9:49  Marine x2  
  142  9:51  Marauder x2  
  142  9:52  Marine  
  149  9:55  Marine  
  149  9:58  Marine  
  149  9:59  Marine x3  
  154  10:01  Medivac, Marine  
  154  10:02  Marauder  
  159  10:12  Marauder  
  151  10:23  Marine x3  
  151  10:24  Marauder  
  151  10:27  Marine  
  151  10:28  Marauder  
  152  10:31  Marine x2  
  152  10:34  Marine x2, Marauder  
  157  10:40  Marine x2  
  157  10:41  Medivac, Siege Tank, Marine  
  157  10:42  Medivac, Marine x2  
  169  10:45  Marine, Marauder  
  169  10:49  Marine, Marauder  
  173  10:53  Marine  
  173  10:56  Marine, Marauder  
  166  11:05  Marine x2  
  166  11:06  Marauder  
  166  11:07  Marine  
Show
View Real Time Build Order
Export as new Build Order

Scarlett Zerg - Winner!

Build Orders: Hatch First 

Get SALT Encoding   

  12  0:00  Drone  
  13  0:12  Overlord  
  13  0:17  Drone  
  14  0:31  Drone x2  
  16  0:36  Drone  
  17  0:52  Hatchery  
  17  0:55  Drone  
  17  0:58  Drone  
  18  1:06  Extractor  
  17  1:13  Spawning Pool  
  17  1:17  Drone  
  17  1:19  Drone  
  18  1:28  Drone  
  19  1:38  Overlord  
  19  1:50  Drone  
  20  2:00  Queen  
  22  2:02  Drone  
  22  2:03  Queen  
  22  2:08  Metabolic Boost  
  25  2:10  Zergling x2  
  25  2:12  Zergling x2  
  25  2:15  Drone  
  28  2:24  Drone  
  28  2:25  Drone  
  30  2:34  Drone  
  30  2:36  Drone  
  32  2:41  Hatchery  
  31  2:44  Drone  
  31  2:48  Overlord  
  32  2:54  Drone  
  33  2:59  Drone  
  33  3:00  Queen  
  36  3:08  Drone x4  
  36  3:11  Drone  
  36  3:12  Drone  
  42  3:15  Drone  
  42  3:18  Drone  
  44  3:21  Overlord  
  44  3:23  Overlord  
  44  3:32  Roach Warren  
  43  3:39  Queen  
  43  3:40  Queen  
  47  3:44  Overlord  
  47  3:53  Drone x5  
  52  3:56  Extractor  
  52  3:57  Overlord  
  52  3:59  Overlord  
  51  4:06  Queen  
  53  4:12  Roach  
  53  4:13  Roach  
  57  4:17  Roach  
  57  4:18  Roach x2  
  57  4:20  Roach  
  57  4:22  Roach  
  67  4:25  Roach  
  67  4:29  Roach  
  71  4:38  Drone, Overlord  
  71  4:39  Drone x4  
  76  4:51  Drone  
  76  4:52  Drone x4  
  79  4:57  Drone  
  79  4:58  Drone x2  
  82  5:03  Overlord  
  82  5:04  Drone  
  83  5:07  Spore Crawler  
  83  5:08  Lair  
  83  5:13  Drone x3  
  85  5:15  Drone  
  85  5:19  Ravager x2  
  85  5:20  Ravager  
  89  5:24  Drone  
  89  5:25  Drone  
  91  5:32  Drone x7  
  98  5:36  Evolution Chamber, Overlord  
  98  5:37  Extractor, Evolution Chamber  
  98  5:42  Overlord x2  
  95  5:44  Extractor  
  95  5:45  Extractor  
  95  5:47  Extractor  
  92  5:50  Overlord  
  92  5:52  Drone x4  
  92  5:54  Pneumatized Carapace  
  96  5:57  Hatchery  
  96  6:03  Drone x2  
  97  6:05  Drone x2, Zerg Ground Armor Level 1  
  97  6:06  Drone x2  
  97  6:08  Drone x3  
  97  6:09  Drone  
  105  6:17  Zerg Missile Weapons Level 1  
  104  6:18  Overlord x2  
  104  6:20  Roach  
  106  6:26  Queen  
  106  6:27  Glial Reconstitution  
  106  6:30  Roach x3  
  114  6:34  Roach x2  
  114  6:35  Roach  
  114  6:36  Overlord  
  114  6:38  Overlord  
  120  6:42  Overseer  
  120  6:51  Roach x6  
  120  6:52  Infestation Pit  
  131  7:01  Drone x2  
  132  7:02  Drone x3  
  132  7:06  Drone  
  132  7:07  Drone x6  
  143  7:18  Drone x4  
  143  7:21  Overlord  
  147  7:25  Drone  
  148  7:30  Extractor  
  148  7:32  Extractor  
  148  7:33  Overlord x3  
  148  7:34  Hive  
  148  7:36  Infestor x4  
  148  7:43  Overlord x3  
  148  7:44  Overlord  
  154  7:45  Roach x3  
  154  7:46  Queen  
  162  8:00  Spore Crawler  
  160  8:09  Roach x12  
  184  8:14  Spire  
  181  8:22  Roach x6  
  163  8:32  Roach x8  
  160  8:36  Roach  
  160  8:37  Roach x4  
  160  8:44  Ravager x3  
  161  8:50  Roach x6  
  159  9:14  Drone x6  
  157  9:17  Zerg Melee Weapons Level 1  
  157  9:23  Hatchery  
  146  9:29  Greater Spire  
  146  9:30  Adrenal Glands  
  146  9:34  Roach x11  
  168  9:45  Spore Crawler  
  167  9:47  Corruptor x3  
  167  9:48  Spore Crawler, Spine Crawler  
  171  9:53  Ravager  
  171  9:57  Ravager  
  171  9:58  Zergling x2  
  174  10:03  Queen x3  
  174  10:06  Extractor  
  179  10:10  Extractor  
  173  10:19  Drone x5  
  173  10:23  Drone  
  173  10:24  Drone x2  
  172  10:29  Roach x9  
  190  10:41  Corruptor, Brood Lord x3  
  195  10:51  Roach  
  195  10:52  Roach  
  192  11:05  Roach  
  192  11:06  Roach x5  
Tags
 
Add a new tag
Caveats
  • Supply blocks, unpowered buildings, or Contaminate may cause inaccurate times.
  • Supply counts are checked every 10 seconds.